Unix NetHack Version 5.0.0-0 post-release - last build Jul 19 2026 19:10:59 (3aa4ab31751d3886436d94b585a96704892fd477,branch:main).

Game began 2026-07-23 01:59:58, ended 2026-07-23 03:07:13.

Jinnora, neutral female human Tourist

    -----
    |...|
    |^.>.#######################################
    |...|       ---------   ####################
    |...|       |.......|        -------------##       -----------
    |....#####  |*.....<|        |C.........C|#########-.....q@.(|
    -.---    ## |...`....#       |.....C.....|  #####  |.....f)..|
              ##........|########....-----...|         |.........|
                ---------##      |...|.{.|...|         ..........|
                        #`#####  |..C|{.%|C..|         |.........|
                              ## |...|.{.....|         ..........|
                               ##....-----...|         -----------
                                 |.....C.....|
                                 |C.........C|
                                 -------------

Jinnora the Excursionist    St:13 Dx:13 Co:18 In:12 Wi:9 Ch:18  Neutral
Dlvl:8  $:0  HP:0(64) Pw:25(25) AC:1  Xp:8/1883 T:6980 

Latest messages:
 You hit the soldier ant!
 The soldier ant bites!
 The soldier ant stings!
 You kill the soldier ant!
 There is a staircase down here.
 You see here a soldier ant corpse.
 You hear a strange wind.
 You see here a pair of padded gloves.
 You have a little trouble lifting a pair of padded gloves.  Continue? [ynq] (q) y
 You have a little trouble lifting O - a pair of padded gloves.
 Your movements are slowed slightly because of your load.
 The large cat picks up a soldier ant corpse.
 What do you want to use or apply? [jl-nsxRS or ?*] s
 You put a dagger into the bag called hold.
 You put a pair of padded gloves into the bag called hold.
 You put an effervescent potion into the bag called hold.
 Your movements are now unencumbered.
 The gecko misses!
 You kill the gecko!
 You kill the gray ooze!
 You see here a long sword.
 You see here a chest.
 The large cat misses the leocrotta.
 The leocrotta hits!
 The leocrotta bites!
 The leocrotta hits!
 You hit the leocrotta!
 The leocrotta hits!
 The leocrotta bites!
 The leocrotta hits!
 The large cat misses the leocrotta.
 The large cat bites the leocrotta.
 The leocrotta hits the large cat.
 The leocrotta misses the large cat.
 The leocrotta hits the large cat.
 What do you want to drink? [h or ?*] ?
 What do you want to drink? [h or ?*] h
 You feel much better.
 The leocrotta misses!
 The leocrotta bites!
 The leocrotta hits!
 The large cat bites the leocrotta.
 The leocrotta misses the large cat.
 The leocrotta misses the large cat.
 The leocrotta misses the large cat.
 The leocrotta hits!
 The leocrotta bites!
 The leocrotta hits!
 You die...
 Do you want your possessions identified? [ynq] (y) q

Inventory:
 Weapons  (')')
  D - 29 uncursed +2 darts
  a - the blessed greased +5 Grayswandir (weapon in left hand)
 Armor    ('[')
  V - an uncursed +0 orcish helm (being worn)
  y - an uncursed +0 pair of kicking boots (being worn)
  A - an uncursed +0 cloak of magic resistance (being worn)
  k - an uncursed +0 Hawaiian shirt with a parrot motif (being worn)
  B - an uncursed +0 dwarvish mithril-coat (being worn)
 Scrolls  ('?')
  K - an uncursed scroll of scare monster
  P - a blessed scroll of teleportation
 Potions  ('!')
  h - 2 uncursed potions of extra healing
 Wands    ('/')
  S - a cursed wand of digging (0:7)
  j - a cursed wand of light (0:14)
  n - an uncursed wand of polymorph (0:6)
  R - a cursed wand of stasis (0:3)
 Tools    ('(')
  s - a blessed bag of holding containing 84 items
  m - an uncursed credit card
  l - an uncursed expensive camera (0:35)
  x - an uncursed tin whistle

Contents of the bag of holding:
  1640 gold pieces
  13 uncursed +0 darts
  16 cursed +0 darts
  an uncursed +0 elven dagger
  3 uncursed +0 daggers
  a cursed +0 pair of gauntlets of power
  3 uncursed slime molds
  an uncursed candy bar labeled "Moon Crunchy"
  4 uncursed food rations
  4 cursed food rations
  an uncursed fortune cookie
  an uncursed melon
  2 uncursed tripe rations
  a cursed tin of acid blob
  a cursed lichen corpse
  an uncursed scroll of enchant armor
  2 cursed scrolls of create monster
  an uncursed scroll of earth
  an uncursed scroll of fire
  a cursed scroll of fire
  2 uncursed scrolls of amnesia
  3 uncursed scrolls of confuse monster
  a cursed scroll of confuse monster
  an uncursed scroll of genocide
  an uncursed scroll of light
  4 cursed scrolls of light
  2 uncursed scrolls of destroy armor
  a cursed scroll of destroy armor
  2 uncursed scrolls of enchant weapon
  3 cursed scrolls of enchant weapon
  2 blessed scrolls of magic mapping
  4 uncursed scrolls of magic mapping
  a cursed scroll of magic mapping
  an uncursed scroll of remove curse
  4 uncursed scrolls of teleportation
  2 cursed scrolls of teleportation
  an uncursed potion of blindness
  2 cursed potions of blindness
  a cursed potion of fruit juice
  an uncursed potion of see invisible
  a cursed potion of see invisible
  2 uncursed potions of monster detection
  a cursed potion of invisibility
  an uncursed potion of polymorph
  an uncursed potion of gain ability
  2 cursed potions of sickness
  an uncursed potion of oil
  2 cursed potions of oil
  a blessed potion of object detection
  2 uncursed potions of object detection
  2 uncursed potions of extra healing
  9 uncursed potions of healing
  2 cursed potions of healing
  an uncursed potion of paralysis
  an uncursed potion of sleeping
  a cursed potion of sleeping
  a potion of holy water
  an uncursed potion of water
  a cursed ring of protection from shape changers
  a cursed ring of stealth
  a cursed ring of levitation
  a cursed ring of warning
  a cursed ring of warning
  a cursed ring of cold resistance
  an uncursed ring of shock resistance
  a cursed ring of shock resistance
  a cursed ring of shock resistance
  an empty cursed oilskin sack
  an uncursed tallow candle
  a blessed oil lamp
  an uncursed mirror
  a cursed magic marker (0:21)
  a cursed magic marker (0:20)
  an uncursed tin whistle
  an uncursed worthless piece of black glass
  a cursed worthless piece of black glass
  2 uncursed worthless pieces of blue glass
  3 uncursed worthless pieces of red glass
  a cursed worthless piece of red glass
  an uncursed worthless piece of violet glass
  an uncursed worthless piece of white glass
  an uncursed worthless piece of yellowish brown glass
  a cursed worthless piece of yellowish brown glass
  2 uncursed flint stones

Jinnora the Tourist's attributes:

Background:
 You were an Excursionist, a level 8 female human Tourist.
 You were neutral, on a mission for The Lady
 who was opposed by Blind Io (lawful) and Offler (chaotic).
 You were left-handed.
 You were in the Dungeons of Doom, on level 8.
 You entered the dungeon 6980 turns ago.
 It was nighttime.
 You had 1883 experience points, 677 more were needed to attain level 9.

Basics:
 You had 0 out of 64 hit points.
 You had all 25 energy points (spell power).
 Your armor class was 1.
 Your wallet was empty, but
 you had 1640 zorkmids stashed away in your pack.
 Autopickup was off.

Final Characteristics:
 Your strength was 13 (limit:18/100).
 Your dexterity was 13 (limit:18).
 Your constitution was 18 (limit:18).
 Your intelligence was 12 (limit:18).
 Your wisdom was 9 (limit:18).
 Your charisma was 18 (limit:18).

Final Status:
 You weren't hungry.
 You were unencumbered.
 You were wielding a saber.
 You had basic skill with saber and could have enhanced that.

Final Attributes:
 You were piously aligned.
 You were magic-protected.
 You resisted hallucinations.
 You were guarded.
 Your spell casting was impaired by metallic armor.
 You are dead.

Miscellaneous:
 You encountered 1 bones level.
 Total elapsed playing time was 1 hour, 7 minutes and 15 seconds.

Major events:
 Turn
    1: Jinnora the neutral female human Tourist entered the dungeon
  484: entered the Gnomish Mines
 1428: attained the rank of Sightseer (level 3)
 1975: read a Discworld novel
 2341: reached Mine Town
 2843: made her first wish - "blessed greased fixed +2 Grayswandir", got "a greased silver saber named Grayswandir"
 3182: attained the rank of Excursionist (level 6)
 5582: found Grimtooth on the floor
 6980: killed by a leocrotta

Spells:
 Name                 Level Category     Fail Retention
 light                  1   divination   100%   51%-75%
 healing                1   healing      100%   51%-75%

Skills:
 Fighting Skills
   bare handed combat [Unskilled]
   two weapon combat  [Unskilled]
   riding             [Unskilled]
 Weapon Skills
   dagger             [Basic]
   knife              [Unskilled]
   axe                [Unskilled]
   pick-axe           [Unskilled]
   short sword        [Unskilled]
   broadsword         [Unskilled]
   long sword         [Unskilled]
   two-handed sword   [Unskilled]
   saber              [Basic]
   mace               [Unskilled]
   morning star       [Unskilled]
   flail              [Unskilled]
   hammer             [Unskilled]
   quarterstaff       [Unskilled]
   polearms           [Unskilled]
   spear              [Unskilled]
   trident            [Unskilled]
   lance              [Unskilled]
   bow                [Unskilled]
   sling              [Unskilled]
   crossbow           [Unskilled]
   dart               [Basic]
   shuriken           [Unskilled]
   boomerang          [Unskilled]
   whip               [Unskilled]
   unicorn horn       [Unskilled]
 Spellcasting Skills
   divination spells  [Unskilled]
   enchantment spells [Unskilled]
   escape spells      [Unskilled]

Voluntary challenges:
 Character rerolling was not enabled.
 You never genocided any monsters.
 You never polymorphed an object.
 You never changed form.
 You used 1 wish (for an artifact).
Achievements:
 You entered the Gnomish Mines.
 You entered a shop.
 You attained the rank of Sightseer.
 You read from a Discworld novel.
 You entered Minetown.
 You entered a temple.
 You attained the rank of Excursionist.

 The Dungeons of Doom: levels 1 to 8
    Level 1:
       A sink, a grave.
    Level 2:
       An armor shop.
       Stairs down to The Gnomish Mines.
    Level 3:
       A scroll shop.
    Level 4:
       A fountain.
    Level 5:
       A potion shop.
    Level 6:
    Level 7:
       Some fountains, a grave.
       Final resting place for
          Jinnora-Wiz-Hum-Fem-Neu, killed by a raven,
          zachKnight-Wiz-Elf-Mal-Cha, killed by a pony.
    Level 8: <- You were here.
       Many fountains.
       Oracle of Delphi.
       Final resting place for
          you, killed by a leocrotta.
 The Gnomish Mines: levels 3 to 6
    Level 3:
    Level 4:
    Level 5:
       Many shops, a temple and an altar to The Lady, some fountains.
    Level 6:


Vanquished creatures:
  a ghost
  a panther
  3 leprechauns
  a gold golem
  a werewolf
  3 chickatrices
  a dingo
  a raven
  2 plains centaurs
  a snake
  5 human zombies
  3 soldier ants
  a fire ant
  a bugbear
  3 water nymphs
  a mountain nymph
  a Mordor orc
  2 rock piercers
  2 ponies
  a fog cloud
  a shrieker
  a violet fungus
  5 gnome leaders
  2 gnomish wizards
  a gray ooze
 an elf zombie
  a straw golem
  7 giant ants
  a little dog
  2 floating eyes
  2 kittens
  5 dwarves
  a homunculus
  9 rothes
  a giant bat
  3 orc zombies
  2 werejackals
  3 iguanas
  a hobbit
  2 large kobolds
  2 hobgoblins
  a giant rat
  2 cave spiders
  a green mold
  a red mold
 18 gnomes
  a gnome zombie
  7 geckos
  7 jackals
  3 foxes
  2 goblins
  3 sewer rats
  7 grid bugs
  4 bats
  2 lichens
  2 kobold zombies
  3 newts
152 creatures vanquished.

No species were genocided or became extinct.

Game over:
                       ----------
                      /          \
                     /    REST    \
                    /      IN      \
                   /     PEACE      \
                  /                  \
                  |     Jinnora      |
                  |     1640 Au      |
                  |   killed by a    |
                  |    leocrotta     |
                  |                  |
                  |                  |
                  |       2026       |
                 *|     *  *  *      | *
        _________)/\\_//(\/(/\)/\//\/|_)_______

Aloha Jinnora the Tourist...

You died in The Dungeons of Doom on dungeon level 8 with 8908 points,
and 1640 pieces of gold, after 6980 moves.
You were level 8 with a maximum of 64 hit points when you died.

